 Dungeon Crawl Stone Soup version 0.28.0 (webtiles) character file.

Game seed: 5149991012097329782

124145 HallandMoats the Impaler (level 16, -2/149 HPs)
             Began as a Minotaur Monk on Feb 7, 2022.
             Was the Champion of Cheibriados.
             Killed by divine providence
             ... invoked by a sphinx
              (12 damage)
             ... while paralysed by a sphinx
             ... on level 1 of the Depths.
             The game lasted 00:46:23 (32581 turns).

HallandMoats the Impaler (Minotaur Monk)           Turns: 32581, Time: 00:46:23

Health: -2/149     AC: 15    Str: 41    XL:     16   Next: 38%
Magic:  0/26       EV:  2    Int: 22    God:    Cheibriados [******]
Gold:   3391       SH:  0    Dex: 38    Spells: 15/15 levels left

rFire   + + .      SeeInvis .   b - +7 trident (vamp)
rCold   . . .      Faith    .   Y - +1 kite shield {rC+}
rNeg    . . .      Spirit   +   p - +0 fire dragon scales
rPois   .          Reflect  .   (helmet unavailable)
rElec   .          Harm     .   D - +0 cloak
rCorr   .          Rampage  .   v - +0 pair of gloves
Will    +....      Clarity  +   c - +1 pair of boots
Stlth   ++........              N - amulet of guardian spirit
HPRegen 0.34/turn               f - +6 ring of strength
MPRegen 0.20/turn               F - +6 ring of dexterity

@: paralysed, studying Slings, very slow
A: horns 3, retaliatory headbutt, claws 1, clarity, deformed body
a: Renounce Religion, Bend Time, Temporal Distortion, Slouch, Step From Time


You were on level 1 of the Depths.
You worshipped Cheibriados.
Cheibriados was exalted by your worship.
You visited 5 branches of the dungeon, and saw 25 of its levels.
You also visited: Ice Cave.

You collected 3545 gold pieces.
You spent 154 gold pieces at shops.

Inventory:

Hand Weapons
 a - a +2 trident of venom
 b - a +7 vampiric trident (weapon)
 W - the +10 dire flail of Ekahi {flame, rElec rF+ Will+++ Str-2}
   (You found it in an ice cave)

   It burns those it strikes, dealing additional fire damage.
   Str:       It affects your strength (-2).
   rF:        It protects you from fire.
   rElec:     It insulates you from electricity.
   Will:      It greatly increases your willpower.
Missiles
 j - a throwing net (quivered)
Armour
 c - a +1 pair of boots (worn)
 p - +0 fire dragon scales (worn)
 v - a +0 pair of gloves (worn)
 x - a +3 ring mail of willpower
 D - a +0 cloak (worn)
 H - +1 ice dragon scales
 K - a +2 scale mail of willpower
 Y - a +1 kite shield of cold resistance (worn)
Jewellery
 d - a ring of wizardry
 f - a +6 ring of strength (left hand)
 i - a ring of protection from cold
 k - a ring of positive energy
 u - a ring of wizardry
 B - a +4 ring of evasion
 F - a +6 ring of dexterity (right hand)
 I - a ring of willpower
 L - a ring of flight
 N - an amulet of guardian spirit (around neck)
 Q - a ring of protection from cold
Wands
 m - a wand of flame (43)
 t - a wand of paralysis (16)
 w - a wand of acid (24)
 G - a wand of mindburst (32)
 P - a wand of polymorph (13)
Scrolls
 e - 2 scrolls of blinking
 g - a scroll of silence
 q - 5 scrolls of teleportation
 s - 2 scrolls of amnesia
 z - 10 scrolls of identify
 M - a scroll of enchant weapon
 R - 2 scrolls of holy word
 Z - a scroll of magic mapping
Potions
 h - a potion of invisibility
 l - 2 potions of flight
 n - 3 potions of magic
 o - 3 potions of heal wounds
 r - a potion of might
 A - 2 potions of resistance
 C - 5 potions of curing
 E - 2 potions of lignification
 J - a potion of ambrosia {unknown}
 O - 2 potions of brilliance
 S - 3 potions of mutation
Miscellaneous
 y - a tin of tremorstones (2/2)
 T - a condenser vane


   Skills:
 + Level 15.5 Fighting
 + Level 15.7 Polearms
 + Level 15.1 Armour
 + Level 14.5 Dodging
 - Level 1.9 Stealth
 * Level 5.1 Shields
 + Level 15.6 Invocations


You had 15 spell levels left.
You didn't know any spells.
Your spell library contained the following spells:

 Spells                   Type           Power      Damage    Failure   Level
 Freeze                   Ice            0%         1d3       58%         1
 Magic Dart               Conj           0%         1d3       58%         1
 Sting                    Tmut/Pois      0%         1d3       58%         1
 Call Imp                 Summ           0%         N/A       75%         2
 Corpse Rot               Necr/Air       0%         N/A       75%         2
 Ensorcelled Hibernation  Hex/Ice        0%         N/A       75%         2
 Passwall                 Tmut/Erth      0%         N/A       75%         2
 Poisonous Vapours        Pois/Air       0%         N/A       75%         2
 Searing Ray              Conj           0%         2d4       75%         2
 Sublimation of Blood     Necr           0%         N/A       75%         2
 Confusing Touch          Hex            0%         N/A       92%         3
 Frozen Ramparts          Ice            0%         1d2       92%         3
 Inner Flame              Hex/Fire       0%         N/A       92%         3
 Mephitic Cloud           Conj/Pois/Air  0%         N/A       92%         3
 Swiftness                Air            0%         N/A       92%         3
 Cause Fear               Hex            0%         N/A       100%        4
 Fulminant Prism          Conj/Hex       0%         3d6       100%        4
 Hailstorm                Conj/Ice       0%         3d3       100%        4
 Ice Form                 Ice/Tmut       0%         N/A       100%        4
 Olgreb's Toxic Radiance  Pois           0%         N/A       100%        4
 Petrify                  Tmut/Erth      0%         N/A       100%        4
 Irradiate                Conj/Tmut      0%         3d14      100%        5
 Yara's Violent Unravell  Hex/Tmut       0%         3d3       100%        5
 Simulacrum               Ice/Necr       0%         N/A       100%        6
 Enfeeble                 Hex            0%         N/A       100%        7
 Discord                  Hex            0%         N/A       100%        8


Dungeon Overview and Level Annotations

Branches:
Dungeon (15/15)            Temple (1/1) D:5            Lair (6/6) D:11
  Swamp (0/4) Lair:3        Snake (0/4) Lair:2        Slime (0/5) Lair:6
    Orc (2/2) D:10            Elf (0/3) Orc:2        Vaults (0/5) D:13
 Depths (1/4) D:15          IceCv (visited)

Altars:
Ashenzari
Cheibriados
Dithmenos
Elyvilon
Fedhas
Gozag
Hepliaklqana
Kikubaaqudgha
Makhleb
Nemelex Xobeh
Okawaru
Qazlal
Ru
Sif Muna
Trog
Uskayaw
Vehumet
Wu Jian
Xom
Yredelemnul
Zin
The Shining One
Jiyva

Shops:
D:5 !   Orc:2 ?(*:

Portals:
Pandemonium: Orc:2

Annotations:
D:4 2 transporters
D:15 3 runed translucent doors, Gosau's ghost, journeyman DsGl


Innate Abilities, Weirdness & Mutations

You have a pair of large horns on your head.
You reflexively headbutt those who attack you in melee.
You have sharp fingernails.
You possess an exceptional clarity of mind.
Armour fits poorly on your strangely shaped body.


Message History

The fire dragon is moderately wounded.
You puncture the fire dragon! You headbutt the fire dragon!!
The fire dragon is severely wounded.
The fire dragon barely misses you. The fire dragon closely misses you.
The fire dragon tramples you but does no damage.
You hit the fire dragon but do no damage.
Your headbutt misses the fire dragon.
The fire dragon is severely wounded.
The fire dragon breathes flames at you. The blast of flame hits you!!
You resist. The blast of flame misses you.
You impale the fire dragon!!
You kill the fire dragon!
Cheibriados appreciates the change of pace.
No target in view!
No target in view!
No target in view!
You climb downwards.
Welcome back to the Depths!
The sphinx casts a spell.
You suddenly lose the ability to move!
The sun demon hits you!
You are engulfed in flames.
You resist.
The sun demon hits you but does no damage.
The sphinx hits you! The sphinx hits you but does no damage.
The sphinx hits you. The eye of devastation gazes at you.
The bolt of energy hits you!!! The sun demon hits you!!
You are engulfed in flames.
You resist. The sphinx hits you.
The sphinx hits you but does no damage. x2
The sun demon hits you!
* * * LOW HITPOINT WARNING * * *
You are engulfed in flames.
You resist.
* * * LOW HITPOINT WARNING * * *
The sphinx hits you but does no damage. x2; The sphinx hits you.
* * * LOW HITPOINT WARNING * * *
The sun demon hits you!!
* * * LOW HITPOINT WARNING * * *
You are engulfed in flames.
You resist.
* * * LOW HITPOINT WARNING * * *
The sphinx mumbles some strange words.
Something smites you!
You die...

§§§≈§ ≈§§§§#
§§≈≈..#######+#
§≈§............
≈§§≈.(.........
#≈...........
#§..3G......?
#≈...@H......
#≈.....=.....
≈≈§≈...........
.........>.....
###+##.........
#.........
#.........
+.........


You could see a sphinx, an eye of devastation and a sun demon.

Vanquished Creatures
  Rupert (D:14)
  Jorgrun (D:15)
  Kirke (D:14)
  A fire giant (D:15)
  An orc warlord (Orc:1)
  A very ugly thing (IceCv)
  Nessos (D:14)
  Azrael (D:12)
  2 dire elephants (Lair:6)
  Snorg (D:14)
  2 blizzard demons (IceCv)
  The ghost of joshe the Destroyer, a journeyman DgCj (Orc:2)
  A yaktaur captain (D:13)
  A fire dragon (D:15)
  2 caustic shrike simulacra (IceCv)
  2 boulder beetles
  An ogre mage (D:15)
  7 hydras
  2 demonspawn (Orc:2)
  4 centaur warriors
  7 two-headed ogres
  A catoblepas (Lair:6)
  2 tengu warriors
  20 death yaks
  6 orc high priests (Orc:2)
  A spriggan berserker (D:15)
  2 sun demons (D:15)
  Urug (Orc:2)
  Sonja (Lair:4)
  10 spriggan simulacra (IceCv)
  Pikel (D:9)
  6 orc knights
  A lindwurm (Lair:6)
  A deep elf archer (D:13)
  2 deep elf zephyrmancers (D:15)
  A necromancer (D:15)
  A wizard (D:15)
  A deep elf pyromancer (D:13)
  An obsidian statue (IceCv)
  7 orc sorcerers
  An oklob plant (D:11)
  5 manticores
  7 ugly things
  5 elephants
  4 cyclopes
  A moth of wrath (Orc:2)
  A spectral centaur (D:10)
  Joseph (D:9)
  2 naga magi (D:15)
  Maurice (Orc:2)
  3 gargoyles (D:12)
  2 rust devils (Orc:2)
  6 black mambas
  9 cane toads
  3 rime drakes
  An unseen horror (D:10)
  2 yaktaurs (D:13)
  4 ice devils (IceCv)
  An efreet (D:14)
  A tengu conjurer (D:13)
  A freezing wraith (IceCv)
  7 komodo dragons
  4 trolls
  5 entropy weaver simulacra (IceCv)
  3 polar bears
  A troll (shapeshifter) (D:15)
  4 hornets
  A tyrant leech (Lair:3)
  A blink frog (shapeshifter) (D:15)
  33 blink frogs
  7 dream sheep (Lair:6)
  3 slime creatures
  A centaur simulacrum (D:14)
  A shadow (D:12)
  4 wyverns
  45 yaks
  3 dire elephant simulacra (IceCv)
  4 hogs (D:14)
  4 fire elementals (D:12)
  6 vampire mosquitoes (D:12)
  Grum (D:9)
  A basilisk (Lair:6)
  A redback simulacrum (D:15)
  2 chaos spawn (Orc:2)
  7 minotaur simulacra (IceCv)
  Menkaure (D:5)
  2 harpy simulacra (IceCv)
  16 water moccasins
  4 nagas (Lair:2)
  A hydra simulacrum (IceCv)
  3 hell hounds (D:12)
  5 black bears
  33 orc warriors
  5 necrophages
  2 ettin simulacra (IceCv)
  4 ogres
  7 centaurs
  24 wolves
  13 bullfrogs
  4 gnoll sergeants
  6 deep troll simulacra (IceCv)
  2 scorpions
  2 wyvern skeletons
  3 lindwurm simulacra (IceCv)
  8 wights
  A howler monkey (D:10)
  13 centaur zombies
  5 hounds
  28 orc priests
  2 jellies
  3 centaur skeletons
  A gnoll shaman (D:7)
  A bullfrog skeleton (D:6)
  An iguana (D:5)
  17 orc wizards
  A killer bee zombie (D:7)
  A hound zombie (D:5)
  A howler monkey zombie (D:8)
  22 gnolls
  11 adders
  A shadow imp (D:5)
  A white imp (D:5)
  6 ufetubi
  2 adder skeletons (D:4)
  2 worms (D:2)
  2 dart slugs (D:1)
  78 orcs
  6 ball pythons
  10 endoplasms
  2 giant cockroaches
  5 goblins
  8 hobgoblins
  2 jackals (D:1)
  A quokka (D:2)
  8 bats
  3 frilled lizards
  7 kobolds
  A spectral orc (D:9)
715 creatures vanquished.

Vanquished Creatures (collateral kills)
  Gastronok (D:11)
1 creature vanquished.

Vanquished Creatures (others)
  A slime creature (D:13)
  A hog (D:14)
  An orc warrior (Orc:2)
  65 fungi
  135 plants
203 creatures vanquished.

Grand Total: 919 creatures vanquished

Notes
Turn   | Place    | Note
-------+----------+-------------------------------------------
     0 | D:1      | HallandMoats the Minotaur Monk began the quest for the Orb.
     0 | D:1      | Reached XP level 1. HP: 19/19 MP: 0/0
   290 | D:1      | Reached XP level 2. HP: 27/27 MP: 1/1
   415 | D:1      | Found a faded altar of an unknown god.
   462 | D:1      | Prayed at the altar of an unknown god.
   462 | D:1      | Became a worshipper of Elyvilon the Healer
   462 | D:1      | Reached * piety under Elyvilon
   462 | D:1      | Reached ** piety under Elyvilon
   560 | D:1      | Reached *** piety under Elyvilon
   675 | D:1      | Reached XP level 3. HP: 33/33 MP: 2/2
  1129 | D:2      | Reached skill level 1 in Armour
  1312 | D:2      | Reached XP level 4. HP: 40/40 MP: 3/3
  1542 | D:2      | Reached **** piety under Elyvilon
  2231 | D:3      | Reached XP level 5. HP: 20/47 MP: 4/4
  2935 | D:4      | Reached skill level 5 in Fighting
  2935 | D:4      | Reached skill level 5 in Polearms
  3039 | D:4      | Reached XP level 6. HP: 47/56 MP: 5/5
  3319 | D:4      | You fall into a shaft and drop 2 floors!
  3319 | D:6      | Found an ornate altar of the Wu Jian Council.
  3339 | D:6      | Reached skill level 5 in Dodging
  3349 | D:6      | Reached XP level 7. HP: 49/62 MP: 6/6
  3934 | D:6      | Found a white marble altar of Elyvilon.
  3937 | D:6      | Found a shimmering blue altar of Sif Muna.
  4254 | D:5      | Entered Level 5 of the Dungeon
  4254 | D:5      | Reached ***** piety under Elyvilon
  4254 | D:5      | Found a staircase to the Ecumenical Temple.
  4270 | Temple   | Entered the Ecumenical Temple
  4592 | D:4      | Found a transporter.
  4751 | D:4      | Found a transporter.
  4757 | D:4      | Found a burning altar of Makhleb.
  5069 | D:5      | Reached skill level 5 in Armour
  5275 | D:5      | Reached XP level 8. HP: 60/71 MP: 7/7
  5376 | D:5      | Noticed Menkaure
  5383 | D:5      | Gained mutation: You have a pair of large horns on your
                  | head. [potion of mutation]
  5383 | D:5      | Gained mutation: Your body sometimes deteriorates upon
                  | taking damage. [potion of mutation]
  5383 | D:5      | Gained mutation: You have hidden genetic potential. [potion
                  | of mutation]
  5409 | D:5      | Killed Menkaure
  6410 | D:5      | Found Huemn's Distillery.
  6420 | D:5      | Bought a potion of curing for 42 gold pieces
  6592 | D:5      | Reached XP level 9. HP: 81/81 MP: 8/8
  6859 | D:6      | Gained mutation: You are partially covered in iridescent
                  | scales. (AC +2) [hidden potential]
  7138 | D:6      | Found a stormy altar of Qazlal.
  7139 | D:6      | Found a basalt altar of Yredelemnul.
  7139 | D:6      | Found an ancient bone altar of Kikubaaqudgha.
  7139 | D:6      | Found a shadowy altar of Dithmenos.
  7141 | D:6      | Found a snail-covered altar of Cheibriados.
  7149 | D:6      | Fell from the grace of Elyvilon
  7149 | D:6      | Became a worshipper of Cheibriados the Contemplative
  7441 | D:7      | Found a glowing golden altar of the Shining One.
  7490 | D:6      | Reached skill level 1 in Invocations
  8154 | D:7      | Reached * piety under Cheibriados
  8584 | D:7      | Found a hide-covered altar of Uskayaw.
  9654 | D:9      | Reached XP level 10. HP: 76/91 MP: 11/11
  9656 | D:9      | Noticed Pikel
  9666 | D:9      | Killed Pikel
  9666 | D:9      | Reached ** piety under Cheibriados
  9672 | D:9      | Gained mutation: You have sharp fingernails. [hidden
                  | potential]
  9672 | D:9      | Lost mutation: You have hidden genetic potential. [hidden
                  | potential expressed]
  9841 | D:9      | Found an iron altar of Okawaru.
  9870 | D:9      | Noticed Joseph
  9873 | D:9      | Paralysed by Joseph for 2 turns
  9884 | D:9      | Killed Joseph
 10051 | D:9      | Noticed a two-headed ogre
 10062 | D:9      | Killed a two-headed ogre
 10063 | D:9      | Reached skill level 5 in Invocations
 10067 | D:9      | Noticed Grum
 10301 | D:9      | Killed Grum
 10678 | D:9      | Found a hazy altar of Hepliaklqana.
 10953 | D:5      | Bought a potion of mutation for 112 gold pieces
 10953 | D:5      | Lost mutation: Your body sometimes deteriorates upon taking
                  | damage. [potion of mutation]
 10953 | D:5      | Lost mutation: You are partially covered in iridescent
                  | scales. (AC +2) [potion of mutation]
 10953 | D:5      | Gained mutation: Armour fits poorly on your strangely
                  | shaped body. [potion of mutation]
 10953 | D:5      | Gained mutation: You possess an exceptional clarity of
                  | mind. [potion of mutation]
 11040 | D:10     | Entered Level 10 of the Dungeon
 11231 | D:10     | Noticed a centaur warrior
 11238 | D:10     | Killed a centaur warrior
 11239 | D:10     | Reached skill level 10 in Polearms
 11521 | D:10     | Found a staircase to the Orcish Mines.
 11545 | D:10     | Reached skill level 10 in Fighting
 11568 | D:10     | Reached XP level 11. HP: 23/99 MP: 14/14
 12056 | D:10     | Reached *** piety under Cheibriados
 13439 | D:11     | Paralysed by a hornet for 2 turns
 13617 | D:11     | Found a staircase to the Lair.
 13617 | D:11     | Noticed an oklob plant
 13641 | D:11     | Killed an oklob plant
 13847 | D:11     | Reached skill level 10 in Armour
 13968 | D:11     | Noticed Gastronok
 13996 | D:11     | Killed Gastronok
 13997 | D:11     | Reached skill level 10 in Dodging
 14701 | D:12     | Noticed a two-headed ogre
 14707 | D:12     | Killed a two-headed ogre
 14789 | D:12     | Reached XP level 12. HP: 110/110 MP: 17/17
 14863 | D:12     | Reached **** piety under Cheibriados
 15493 | D:12     | Noticed Azrael
 15509 | D:12     | Killed Azrael
 15745 | D:13     | Noticed a tengu warrior
 15759 | D:13     | Killed a tengu warrior
 15760 | D:13     | Reached skill level 10 in Invocations
 16191 | D:13     | Noticed a yaktaur captain
 16201 | D:13     | Found a gate to the Vaults.
 16203 | D:13     | Killed a yaktaur captain
 16475 | D:13     | Noticed a centaur warrior
 16487 | D:13     | Killed a centaur warrior
 16868 | D:13     | Noticed a four-headed hydra
 16875 | D:13     | Killed a four-headed hydra
 17378 | Lair:1   | Entered Level 1 of the Lair of Beasts
 17432 | Lair:1   | Noticed a four-headed hydra
 17441 | Lair:1   | Killed a four-headed hydra
 17442 | Lair:1   | Reached XP level 13. HP: 104/118 MP: 20/20
 18111 | Lair:1   | Reached ***** piety under Cheibriados
 18903 | Lair:2   | Found a staircase to the Snake Pit.
 19707 | Lair:3   | Found a staircase to the Swamp.
 21245 | Lair:4   | Noticed Sonja
 21249 | Lair:4   | Killed Sonja
 22121 | Lair:4   | Reached XP level 14. HP: 97/129 MP: 15/22
 22125 | Lair:4   | Reached ****** piety under Cheibriados
 23132 | Lair:6   | Entered Level 6 of the Lair of Beasts
 23799 | Lair:6   | Found a staircase to the Slime Pits.
 24672 | Lair:6   | Found a shimmering altar of Xom.
 24680 | Lair:6   | Identified a scroll of acquirement
 24680 | Lair:6   | Acquired 869 gold pieces
 26177 | D:14     | Found a frozen archway.
 26186 | IceCv    | Entered an ice cave
 26496 | IceCv    | Reached XP level 15. HP: 82/138 MP: 16/24
 27911 | IceCv    | Identified the +10 dire flail of Ekahi {flame, rElec rF+
                  | Will+++ Str-2}
 28173 | D:14     | Noticed Kirke
 28177 | D:14     | Noticed Rupert
 28256 | D:14     | Noticed Snorg
 28263 | D:14     | Killed Snorg
 28292 | D:14     | Identified the +8 glaive "Beetleslayer" {distort, rCorr
                  | Stlth+}
 28311 | D:14     | Killed Rupert
 28582 | D:14     | Noticed Nessos
 28593 | D:14     | Killed Nessos
 28887 | D:14     | Found a shadowy altar of Dithmenos.
 29145 | D:14     | Killed Kirke
 29281 | D:15     | Entered Level 15 of the Dungeon
 29281 | D:15     | Noticed an azure jelly
 29281 | D:15     | Noticed an acid blob
 29281 | D:15     | Found a runed translucent gate.
 29281 | D:15     | Found a runed translucent gate.
 29281 | D:15     | Found a runed translucent gate.
 29390 | D:15     | Reached skill level 15 in Polearms
 29488 | D:15     | Noticed Jorgrun
 29510 | D:15     | Killed Jorgrun
 29511 | D:15     | Reached skill level 15 in Invocations
 29862 | D:15     | Reached skill level 15 in Fighting
 30008 | D:15     | Found an iron altar of Okawaru.
 30105 | D:15     | Found a staircase to the Depths.
 30170 | D:15     | Found a viscous altar of Jiyva.
 30170 | D:15     | Noticed Gosau's ghost (journeyman DsGl)
 30278 | Orc:1    | Entered Level 1 of the Orcish Mines
 30760 | Orc:2    | Entered Level 2 of the Orcish Mines
 30760 | Orc:2    | Noticed Maurice
 30790 | Orc:1    | Noticed an orc warlord
 30795 | Orc:1    | Killed an orc warlord
 30796 | Orc:1    | Reached skill level 1 in Shields
 30884 | Orc:2    | Killed Maurice
 31113 | Orc:2    | Found Duume's Magic Scroll Shoppe.
 31123 | Orc:2    | Reached XP level 16. HP: 149/149 MP: 26/26
 31138 | Orc:2    | Found Aveweq's General Store.
 31423 | Orc:2    | Found Tijudick's Antique Weapon Boutique.
 31423 | Orc:2    | Found Pyuh's Book Shop.
 31424 | Orc:2    | Found a one-way gate leading to the halls of Pandemonium.
 31519 | Orc:2    | Found a staircase to the Elven Halls.
 31522 | Orc:2    | Noticed Urug
 31531 | Orc:2    | Killed Urug
 31696 | Orc:2    | Noticed joshe's ghost (journeyman DgCj)
 31711 | Orc:2    | Found a bloodstained altar of Trog.
 31718 | Orc:2    | Found a transporter.
 31721 | Orc:2    | Found a transporter.
 31905 | Orc:2    | Reached skill level 15 in Armour
 31927 | Orc:2    | Killed joshe's ghost
 32318 | Depths:1 | Entered Level 1 of the Depths
 32320 | Depths:1 | Noticed a sphinx
 32416 | D:15     | Reached skill level 5 in Shields
 32577 | Depths:1 | Paralysed by a sphinx for 6 turns
 32581 | Depths:1 | Killed from afar by a sphinx

Illustrated notes

Levels and vault maps discovered:
D:1:      dpeg_arrival_pits, layout_basic, ebering_ecumenical_altar_sacrificial,
          serial_bayou_pond_a, kennysheep_flooded_box
D:2:      layout_basic
D:3:      layout_rooms
D:4:      gammafunk_cloud_chamber, layout_basic, makhleb_heckhound_becter
D:5:      minmay_skewed_foursquare, layout_basic, temple_pool_b, serial_shops,
          nicolae_lakefront_shop, uniq_menkaure
D:6:      layout_loops_corners, nicolae_wu_jian_wuxing_cycle,
          mainiacjoe_overflow_catch_the_wave, grunt_temple_overflow_open
D:7:      layout_basic, lemuel_tele_altar, mainiacjoe_overflow_brackets
D:8:      layout_gridville, minmay_misc_feat_secret_circle,
          minmay_misc_feat_doors
D:9:      layout_irregular_city, mainiacjoe_overflow_alcove_1,
          nicolae_hepliaklqana_monster_ancestors, uniq_pikel, uniq_joseph,
          uniq_grum
D:10:     hellmonk_destroyed_diamonds, layout_cave_pools, orc_0_dummy,
          chequers_avenue, minmay_misc_feat_five, grunt_ministairs_12,
          hangedman_weighted_door, st_stairs_8, roderic_serpentine_path
D:11:     layout_loops_corners, dpeg_oklobed_lair, uniq_gastronok
D:12:     layout_basic, kennysheep_big_empty_room, uniq_azrael
D:13:     layout_basic, david_vaults_2
D:14:     layout_loops_cross, grunt_dithmenos_smoke,
          portal_ice_cave_entry_pillars_1, uniq_rupert, uniq_kirke, uniq_nessos,
          uniq_snorg
D:15:     grunt_enter_depths_magical_seal, layout_long_grid, okawaru_trees_1,
          gammafunk_ghost_ooze, minmay_fractal_squares_gapless_5, uniq_jorgrun
Temple:   nicolae_temple_figure_zero
Lair:1:   layout_layer_cave, serial_bayou_shore_a
Lair:2:   layout_small_grid, minmay_snake_entry_guardpost_small
Lair:3:   layout_cave_pods, minmay_swamp_entry_worms, serial_rivers,
          chequers_serial_rivers_small_a, chequers_serial_rivers_micro_d,
          chequers_serial_rivers_micro_b, chequers_serial_rivers_micro_b,
          chequers_serial_rivers_large_a
Lair:4:   layout_roguey, uniq_sonja
Lair:5:   layout_hall_layers
Lair:6:   hangedman_lair_in_review, layout_long_grid, dpeg_slime_entry_corner,
          basic_altar
Orc:1:    layout_diamond_mine
Orc:2:    pf_orc_diabolical, layout_caves, gammafunk_ghost_wrathful_warriors,
          uniq_urug, uniq_maurice
Depths:1: layout_gridlike, interstate_on_off,
          nicolae_hell_entry_hellmouth_sunbeams, abyss_entry_flame_altar,
          kennysheep_generic_room_15, minmay_shop_grove

Skill      XL: |  1  2  3  4  5  6  7  8  9 10 11 12 13 14 15 16 |
---------------+-------------------------------------------------+-----
Fighting       | 4 5 6 7 9 10 11 12 13 14 15 | 15.5
Polearms       | 4 5 6 7 9 10 11 12 13 14 15 | 15.7
Armour         | 1 2 3 5 6 8 9 10 11 12 13 14 15 | 15.1
Dodging        | 4 5 6 7 8 9 10 11 12 13 14 | 14.5
Invocations    | 3 6 8 10 12 14 15 | 15.6
Shields        | 1 5 |  5.1
Stealth        | |  1.9

Action                   |  1- 3 |  4- 6 |  7- 9 | 10-12 | 13-15 | 16-18 || total
-------------------------+-------+-------+-------+-------+-------+-------++-------
Melee: Spear             |    79 |   244 |    83 |       |       |       ||   406
       Headbutt          |    15 |    33 |    70 |   136 |   304 |    54 ||   612
       Punch             |       |     5 |     4 |     7 |    17 |       ||    33
       Trident           |       |       |   318 |   492 |   995 |   218 ||  2023
       Glaive            |       |       |       |       |   146 |       ||   146
       Unarmed           |       |       |       |       |     6 |       ||     6
Invok: Heal Self         |       |       |     1 |       |       |       ||     1
       Bend Time         |       |       |       |     2 |     2 |       ||     4
       Slouch            |       |       |       |     2 |     6 |     2 ||    10
Evoke: Wand              |       |       |       |       |     7 |       ||     7
  Use: Scroll            |       |       |    15 |     4 |    16 |       ||    35
       Potion            |       |       |     9 |     4 |     6 |       ||    19
 Stab: Sleeping          |     5 |     2 |       |       |     9 |       ||    16
       Invisible         |       |       |       |     5 |       |     2 ||     7
       Distracted        |       |       |       |     1 |     2 |       ||     3
       Confused          |       |       |       |       |     1 |       ||     1
Armor: Robe              |     7 |     3 |       |       |       |       ||    10
       Chain mail        |       |    68 |       |       |       |       ||    68
       Fire dragon scale |       |    33 |   213 |   129 |   137 |    32 ||   544
       Ring mail         |       |       |       |       |    17 |       ||    17
       Ice dragon scales |       |       |       |       |     9 |       ||     9
Dodge: Dodged            |    25 |    77 |   229 |   425 |   987 |   153 ||  1896
Block: Kite shield       |       |       |       |       |   137 |   137 ||   274
